 Dungeon Crawl Stone Soup version 0.27-a0-1184-ge86db4a01e (webtiles) character file.

Game seed: 5101864748573255153

44480 Shayle the Fighter (level 14, 0/141 HPs)
             Began as a Naga Warper on May 18, 2021.
             Was a Priest of Cheibriados.
             Slain by an elephant (3 damage)
             ... on level 6 of the Lair of Beasts.
             The game lasted 01:16:49 (30171 turns).

Shayle the Fighter (Naga Warper)                   Turns: 30171, Time: 01:16:50

Health: 0/141      AC: 19    Str: 24    XL:     14   Next: 28%
Magic:  1/24       EV: 13    Int: 25    God:    Cheibriados [***...]
Gold:   899        SH:  5    Dex: 22    Spells: 10/27 levels left

rFire    . . .     SeeInvis +   h - +1 flail (protect)
rCold    . . .     Faith    .   g - +0 buckler
rNeg     . . .     Spirit   .   w - +0 steam dragon scales
rPois    +         Reflect  .   o - +1 helmet
rElec    .         Harm     .   i - +0 cloak
rCorr    +         Rampage  .   f - +1 pair of gloves
Will     +....                  (no barding)
Stlth    ++........             (no amulet)
HPRegen  0.00/turn              j - ring of Truth {Wiz rCorr Str+2}
MPRegen  0.19/turn              (no ring)

@: mighty, brilliant, short of breath, under a protective aura, flying, very
slightly contaminated, very slow
A: AC +4, large, see invisible, deformed body, poison resistance, slowness 2,
spit poison 2, naga tail 2, fangs 1, agile 1, inhibited regeneration
a: Breathe Poison Gas, Renounce Religion, Bend Time, Temporal Distortion


You were on level 6 of the Lair of Beasts.
You worshipped Cheibriados.
Cheibriados was most pleased with you.
You visited 3 branches of the dungeon, and saw 17 of its levels.

You collected 899 gold pieces.

Inventory:

Hand Weapons
 b - a +1 war axe of electrocution
 e - a +1 falchion of freezing
 h - a +1 flail of protection (weapon)
 s - a +2 hand axe of flaming
 J - the +5 mace "Conservator" {venom, Will+ Int+6}
   (You took it off a wight on level 7 of the Dungeon)

   It poisons the flesh of those it strikes.
   It affects your intelligence (+6).
   It increases your willpower.
Missiles
 t - 5 boomerangs
 y - 6 silver boomerangs
 K - 2 boomerangs of dispersal (quivered)
 M - 2 throwing nets
Armour
 f - a +1 pair of gloves (worn)
 g - a +0 buckler (worn)
 i - a +0 cloak (worn)
 o - a +1 helmet (worn)
 w - +0 steam dragon scales (worn)
 x - a +2 kite shield
Jewellery
 d - a ring of protection from cold
 j - the ring of Truth (left hand) {Wiz rCorr Str+2}
   (You acquired it on level 4 of the Dungeon)

   [ring of wizardry]

   It improves your spell success rate.
   It affects your strength (+2).
   It protects you from acid and corrosion.
 m - an amulet of guardian spirit
 E - a ring of flight
Wands
 a - a wand of charming (6)
 l - a wand of mindburst (28)
 q - a wand of digging (8)
 C - a wand of flame (75)
Scrolls
 c - 2 scrolls of teleportation
 k - 2 scrolls of enchant weapon
 N - a scroll of immolation
Potions
 n - a potion of mutation
 p - a potion of attraction
 u - a potion of brilliance
 G - a potion of lignification {unknown}
 L - a potion of flight


   Skills:
 + Level 13.5 Fighting
 - Level 6.7 Long Blades
 - Level 0.8 Throwing
 - Level 0.7 Armour
 + Level 6.4 Dodging
 - Level 0.8 Shields
 + Level 7.1 Spellcasting
 - Level 6.3 Translocations
 + Level 11.7 Invocations
 - Level 10.9 Evocations


You had 10 spell levels left.
You knew the following spells:

 Your Spells              Type           Power      Damage    Failure   Level
a - Blink                 Tloc           N/A        N/A       1%          2
b - Teleport Other        Tloc           57%        N/A       1%          3
c - Manifold Assault      Tloc           57%        N/A       8%          5
d - Frozen Ramparts       Ice            26%        1d4       12%         3
e - Hailstorm             Conj/Ice       13%        3d5       34%         4

Your spell library contained the following spells:

 Spells                   Type           Power      Damage    Failure   Level
 Gell's Gravitas          Tloc           28%        N/A       1%          3
 Lesser Beckoning         Tloc           28%        N/A       1%          3
 Freeze                   Ice            52%        1d7       4%          1
 Confusing Touch          Hex            13%        N/A       12%         3
 Ozocubu's Armour         Ice            13%        N/A       12%         3
 Petrify                  Tmut/Erth      13%        N/A       34%         4
 Metabolic Englaciation   Hex/Ice        6%         N/A       67%         5
 Yara's Violent Unravell  Hex/Tmut       6%         3d5       67%         5


Dungeon Overview and Level Annotations

Branches:
Dungeon (10/15)            Temple (1/1) D:4            Lair (6/6) D:10
  Swamp (0/4) Lair:2       Spider (0/4) Lair:4        Slime (0/5) Lair:5
    Orc: D:9-12

Altars:
Ashenzari
Cheibriados
Dithmenos
Elyvilon
Fedhas
Hepliaklqana
Kikubaaqudgha
Makhleb
Nemelex Xobeh
Okawaru
Ru
Sif Muna
Trog
Vehumet
Xom
Zin
Jiyva

Annotations:
D:4 1 runed translucent door, DemonSlayer's ghost, amateur HuBe
D:8 3 runed translucent doors, Drazool's ghost, novice OpTm
Lair:5 1 runed translucent door, exclusion: 4 oklob plants


Innate Abilities, Weirdness & Mutations

Your serpentine skin is tough. (AC +4)
You have supernaturally acute eyesight. (SInv)
Armour fits poorly on your strangely shaped body.
Your system is resistant to poisons. (rPois)
You cover ground very slowly.
You can exhale a cloud of poison.
You can use your snake-like lower body to constrict enemies.
You have very sharp teeth.
You are agile. (Dex +2)
You do not regenerate when monsters are visible.


Message History

Confirm with . or Enter, or press ? or * to list all spells.
You feel a surge of power!
You miscast Manifold Assault.
You are very lightly contaminated with residual magic.
Nothing appears to happen.
The elephant tramples you but does no damage.
The elephant closely misses you.
You bludgeon the elephant!!
You kill the elephant!
Cheibriados thoroughly appreciates the change of pace.
You block the elephant's attack. The elephant closely misses you.
Unknown command.
Casting: Manifold Assault (dangerous; 8% risk of failure)
Confirm with . or Enter, or press ? or * to list all spells.
You feel a surge of power!
Space momentarily warps into an impossible shape!
You sock the elephant! You thump the elephant! You sock the elephant!
The elephant tramples you.
* * * LOW HITPOINT WARNING * * *
You hold your ground!
The elephant closely misses you.
Okay, then.
You sock the elephant!
The elephant is severely wounded.
The elephant misses you.
The elephant trunk-slaps you but does no damage.
The elephant closely misses you. The elephant trunk-slaps you.
* * * LOW HITPOINT WARNING * * *
Unknown command.
Casting: Manifold Assault (dangerous; 8% risk of failure)
Confirm with . or Enter, or press ? or * to list all spells.
You feel a surge of power!
Space momentarily warps into an impossible shape!
You sock the elephant! x3
You kill the elephant!
Cheibriados appreciates the change of pace.
The elephant closely misses you. You block the elephant's attack.
Aiming: Charm
Press: ? - help, Shift-Dir - straight line, f - elephant
Aim: an elephant (moderately wounded, chance to affect: 39%)
The elephant resists with some effort.
The elephant tramples you.
You die...

#.#####
###...#.#
#.......##
##........#
#....P...#
##...#.P.#
#.Y......#
##YY.#..Y#
#@#### ...#
### .l.#
..Y


YP P You could see 3 elephants.

Vanquished Creatures
  A dire elephant (Lair:3)
  Josephine (Lair:4)
  7 hydras
  A boulder beetle (Lair:2)
  Harold (D:8)
  2 two-headed ogres
  A catoblepas (Lair:4)
  A lindwurm (Lair:3)
  14 elephants
  6 black mambas
  3 cane toads
  5 rime drakes
  11 komodo dragons
  A polar bear (Lair:4)
  5 jumping spiders (Lair:4)
  Prince Ribbit (D:8)
  12 blink frogs
  5 redbacks (Lair:4)
  5 wyverns
  10 basilisks
  Grum (D:8)
  8 wraiths
  40 yaks
  2 fire bats (Lair:1)
  5 steam dragons
  14 water moccasins
  5 orc warriors
  2 black bears
  3 necrophages
  3 ogres
  2 ice beasts
  A hornet zombie (D:6)
  5 centaurs
  15 wolves
  2 phantoms
  9 bullfrogs
  2 scorpions
  2 wyvern zombies (D:8)
  A wyvern skeleton (D:6)
  A water moccasin skeleton (D:6)
  19 killer bees
  7 electric eels
  5 wights
  3 howler monkeys
  A centaur zombie (D:9)
  A lava snake (Lair:1)
  A bullfrog zombie (D:5)
  3 jellies
  5 hounds
  3 orc priests
  2 bullfrog skeletons (D:5)
  Jessica (D:2)
  6 iguanas
  5 hell rats (Lair:4)
  Terence (D:2)
  12 orc wizards
  A killer bee zombie (D:8)
  2 howler monkey zombies
  Robin (D:4)
  5 adders
  A shadow imp (D:7)
  An adder skeleton (D:4)
  2 worms
  A dart slug (D:3)
  33 orcs
  6 endoplasms
  4 giant cockroaches
  24 goblins
  14 hobgoblins
  9 jackals
  4 quokkas
  8 ball pythons
  2 bats (D:2)
  5 kobolds
  8 rats
422 creatures vanquished.

Vanquished Creatures (others)
  A yak (Lair:5)
  A water moccasin (D:8)
  58 fungi
  108 plants
168 creatures vanquished.

Grand Total: 590 creatures vanquished

Notes
Turn   | Place    | Note
-------+----------+-------------------------------------------
     0 | D:1      | Shayle the Naga Warper began the quest for the Orb.
     0 | D:1      | Reached XP level 1. HP: 19/19 MP: 3/3
   220 | D:1      | Reached XP level 2. HP: 7/27 MP: 5/5
   986 | D:1      | Found a faded altar of an unknown god.
  1007 | D:1      | Reached XP level 3. HP: 31/33 MP: 6/6
  1599 | D:2      | Reached skill level 3 in Fighting
  1845 | D:2      | Noticed Jessica
  1850 | D:2      | Killed Jessica
  1851 | D:2      | Reached XP level 4. HP: 28/42 MP: 7/7
  2001 | D:2      | Noticed Terence
  2022 | D:2      | Killed Terence
  2591 | D:3      | Found a white marble altar of Elyvilon.
  2728 | D:3      | Reached XP level 5. HP: 48/50 MP: 8/8
  3218 | D:3      | Noticed a black bear
  3229 | D:3      | Killed a black bear
  3230 | D:3      | Reached skill level 4 in Fighting
  3230 | D:3      | Reached XP level 6. HP: 41/58 MP: 9/9
  3701 | D:4      | Found a runed translucent door.
  3703 | D:4      | Noticed DemonSlayer's ghost (amateur HuBe)
  3825 | D:4      | Identified a scroll of acquirement
  3825 | D:4      | Acquired the ring of Truth {Wiz rCorr Str+2}
  3838 | D:4      | Reached skill level 5 in Fighting
  3838 | D:4      | Reached skill level 5 in Long Blades
  3843 | D:4      | Learned a level 2 spell: Blink
  3847 | D:4      | Learned a level 3 spell: Teleport Other
  4351 | D:4      | Reached XP level 7. HP: 64/67 MP: 10/10
  4424 | D:4      | Noticed Robin
  4432 | D:4      | Killed Robin
  4558 | D:4      | Found a staircase to the Ecumenical Temple.
  4577 | Temple   | Entered the Ecumenical Temple
  4659 | Temple   | Became a worshipper of Cheibriados the Contemplative
  4941 | D:5      | Entered Level 5 of the Dungeon
  5383 | D:5      | Reached skill level 6 in Fighting
  5649 | D:5      | Reached skill level 1 in Evocations
  5649 | D:5      | Reached XP level 8. HP: 67/78 MP: 11/11
  5851 | D:5      | Identified the +1 scale mail of Layrr {rN+}
  6013 | D:5      | Reached * piety under Cheibriados
  6378 | D:5      | Learned a level 5 spell: Manifold Assault
  6604 | D:6      | Reached skill level 7 in Fighting
  7090 | D:6      | Reached XP level 9. HP: 70/86 MP: 12/12
  7629 | D:6      | Reached skill level 8 in Fighting
  7629 | D:6      | Reached skill level 5 in Translocations
  8021 | D:6      | Found a shimmering blue altar of Sif Muna.
  8478 | D:6      | Reached skill level 5 in Evocations
  8480 | D:6      | Reached ** piety under Cheibriados
  9077 | D:7      | Identified the +5 mace "Conservator" {venom, Will+ Int+6}
  9564 | D:8      | Reached XP level 10. HP: 94/98 MP: 2/13
  9571 | D:8      | Reached skill level 9 in Fighting
  9571 | D:8      | Reached skill level 1 in Invocations
  9784 | D:8      | Reached *** piety under Cheibriados
  9949 | D:8      | Noticed Harold
  9966 | D:8      | Killed Harold
 10061 | D:8      | HP: 3/99 [wyvern zombie (8)]
 10660 | D:8      | Noticed Grum
 10675 | D:8      | Killed Grum
 10979 | D:8      | Learned a level 3 spell: Frozen Ramparts
 11446 | D:8      | Found a broken altar of Ashenzari.
 11447 | D:8      | Found a hazy altar of Hepliaklqana.
 11527 | D:8      | Noticed Prince Ribbit
 11534 | D:8      | Killed Prince Ribbit
 11583 | D:8      | Found a runed translucent gate.
 11584 | D:8      | Found a runed translucent gate.
 11584 | D:8      | Found a runed translucent gate.
 11586 | D:8      | Noticed Drazool's ghost (novice OpTm)
 11900 | D:9      | Reached skill level 10 in Fighting
 11973 | D:9      | Reached **** piety under Cheibriados
 12105 | D:9      | Reached skill level 5 in Invocations
 12249 | D:9      | Found the +5 scythe "Finisher" {speed, eviscerate}
 12631 | D:9      | Reached XP level 11. HP: 88/109 MP: 10/15
 13555 | D:9      | Noticed a two-headed ogre
 13560 | D:9      | Killed a two-headed ogre
 14390 | D:10     | Entered Level 10 of the Dungeon
 14424 | D:10     | Noticed a two-headed ogre
 14428 | D:10     | Killed a two-headed ogre
 14851 | D:10     | Reached skill level 11 in Fighting
 15275 | D:10     | Found a staircase to the Lair.
 15312 | Lair:1   | Entered Level 1 of the Lair of Beasts
 15471 | Lair:1   | Noticed a six-headed hydra
 15481 | Lair:1   | Killed a four-headed hydra
 16983 | Lair:1   | Reached XP level 12. HP: 116/120 MP: 3/18
 17342 | Lair:1   | HP: 6/120 [komodo dragon (19)]
 17344 | Lair:1   | Reached skill level 10 in Evocations
 18496 | Lair:2   | Noticed a boulder beetle
 18512 | Lair:2   | Killed a boulder beetle
 19210 | Lair:2   | Found a staircase to the Swamp.
 19984 | Lair:2   | Reached skill level 12 in Fighting
 20579 | Lair:3   | Noticed a five-headed hydra
 21132 | Lair:3   | Killed a one-headed hydra
 21941 | Lair:3   | Gained mutation: You can use your snake-like lower body to
                  | constrict enemies. [Naga growth]
 21941 | Lair:3   | Reached XP level 13. HP: 130/130 MP: 4/20
 22642 | Lair:3   | Learned a level 4 spell: Hailstorm
 22676 | Lair:4   | Reached skill level 10 in Invocations
 23327 | Lair:4   | Reached skill level 5 in Spellcasting
 23374 | Lair:4   | Noticed a dire elephant
 23642 | Lair:3   | Killed a dire elephant
 24543 | Lair:4   | Found a hole to the Spider Nest.
 25031 | Lair:4   | Noticed Josephine
 25035 | Lair:4   | Killed Josephine
 25036 | Lair:4   | Reached skill level 5 in Dodging
 25613 | Lair:4   | Reached skill level 13 in Fighting
 27150 | Lair:5   | Found a runed translucent door.
 27150 | Lair:5   | Found a viscous altar of Jiyva.
 27151 | Lair:5   | Found a staircase to the Slime Pits.
 27151 | Lair:5   | Noticed an acid blob
 27682 | Lair:5   | Reached XP level 14. HP: 83/141 MP: 1/23
 29469 | Lair:6   | Entered Level 6 of the Lair of Beasts
 30149 | Lair:6   | Gained mutation: You are weak. (Str -2) [potion of
                  | mutation]
 30150 | Lair:6   | Lost mutation: You are weak. (Str -2) [potion of mutation]
 30150 | Lair:6   | Gained mutation: You have very sharp teeth. [potion of
                  | mutation]
 30150 | Lair:6   | Gained mutation: You do not regenerate when monsters are
                  | visible. [potion of mutation]
 30150 | Lair:6   | Gained mutation: You can exhale a cloud of poison. [potion
                  | of mutation]
 30150 | Lair:6   | Gained mutation: You are agile. (Dex +2) [potion of
                  | mutation]
 30168 | Lair:6   | HP: 6/141 [elephant (4)]
 30171 | Lair:6   | Slain by an elephant

Illustrated notes

Levels and vault maps discovered:
D:1:      psy_arrival_terrarium, layout_basic,
          hellmonk_ecumenical_altar_heavens_door, serial_forest,
          infiniplex_forest_clump_small, infiniplex_forest_zigzag_2,
          infiniplex_forest_end_3, infiniplex_forest_straight_2,
          infiniplex_forest_straight_2, infiniplex_forest_clump_long,
          infiniplex_forest_lined_3_way, infiniplex_forest_lined_3
D:2:      layout_loops_ring, uniq_jessica, uniq_terence
D:3:      layout_basic, general_overflow_altar, kennysheep_generic_room_5
D:4:      kennysheep_goblin_castle, layout_basic,
          minmay_temple_entry_large_hall, ebering_ghost_sewer_d
D:5:      layout_layer_cave
D:6:      layout_basic, lemuel_coloured_pillars_altar, minmay_pentangle
D:7:      layout_rooms, grunt_decor_clamped, minmay_checkerbox
D:8:      layout_basic, jmf_multi_god_temple, gammafunk_ghost_necromancy,
          uniq_harold, uniq_prince_ribbit1, uniq_grum
D:9:      layout_stronghold, minmay_guarded_unrand_finisher
D:10:     layout_rooms, grunt_lair_entry_orc_guard_hut, orc_0_dummy
Temple:   dpeg_five_rooms_temple
Lair:1:   layout_gridlike
Lair:2:   layout_cave_pods, swamp_mist_pool, serial_bayou_crossing
Lair:3:   layout_concentric_octagons, nicolae_volcano_entry_vermiform,
          grunt_megastairs_1, serial_bayou_shore_a
Lair:4:   beast_lair_carwin_large_1, layout_concentric_octagons,
          nicolae_spider_entry_tight_spaces, special_room
          [special_room_mythical_zoo], uniq_josephine
Lair:5:   layout_regular_city, slime_altar_2, serial_bayou_lagoon_b,
          minmay_lair_oklob_chamber, infiniplex_staircase_pool
Lair:6:   cheibrodos_lair_end_hotspot, layout_misc_corridors

Skill      XL: |  1  2  3  4  5  6  7  8  9 10 11 12 13 14 |
---------------+-------------------------------------------+-----
Fighting       | 3 4 5 6 7 8 10 11 12 13 | 13.5
Long Blades    | 3 4 5 6 |  6.7
Evocations     | 1 3 6 8 9 10 | 10.9
Translocations | 4 6 |  6.3
Invocations    | 5 8 9 11 | 11.7
Dodging        | 3 5 6 |  6.4
Spellcasting   | 4 6 7 |  7.1
Throwing       | |  0.8
Armour         | |  0.7
Shields        | |  0.8

Action                   |  1- 3 |  4- 6 |  7- 9 | 10-12 | 13-15 || total
-------------------------+-------+-------+-------+-------+-------++-------
Melee: Falchion          |    59 |   114 |   230 |       |       ||   403
       Mace              |       |       |    12 |   437 |    66 ||   515
       Hand axe          |       |       |       |    11 |    84 ||    95
       War axe           |       |       |       |    48 |   223 ||   271
       Flail             |       |       |       |    24 |    14 ||    38
       Constrict         |       |       |       |       |    39 ||    39
       Bite              |       |       |       |       |     2 ||     2
Throw: Boomerang         |       |     5 |     2 |    13 |       ||    20
 Cast: Manifold Assault  |       |       |     8 |   114 |   132 ||   254
       Blink             |       |       |     1 |     1 |       ||     2
       Frozen Ramparts   |       |       |       |     7 |    10 ||    17
Invok: Slouch            |       |       |       |     5 |     5 ||    10
       Bend Time         |       |       |       |     2 |       ||     2
       Temporal Distorti |       |       |       |     5 |     6 ||    11
 Abil: Spit Poison       |    20 |    27 |    48 |    60 |    18 ||   173
       Breathe Poison Ga |       |       |       |       |     1 ||     1
Evoke: Wand              |       |     2 |     9 |    32 |    24 ||    67
  Use: Scroll            |       |     7 |     3 |    15 |     7 ||    32
       Potion            |       |       |       |     6 |    12 ||    18
 Stab: Paralysed         |       |       |       |       |     3 ||     3
Armor: Leather armour    |    10 |    40 |    69 |       |       ||   119
       Steam dragon scal |       |       |    45 |   250 |   202 ||   497
Dodge: Dodged            |    29 |    73 |   102 |   310 |   282 ||   796
Block: Buckler           |       |       |    24 |   147 |    88 ||   259
       Rpst.: Falchion   |    13 |    26 |    34 |       |       ||    73

Table legend: (Time is in decaauts)
 A = Elapsed time spent in this place.
 B = Non-inter-level travel time spent in this place.
 C = Inter-level travel time spent in this place.
 D = Time resting spent in this place.
 E = Time spent auto-exploring this place.
 F = Levels seen in this place.
 G = Mean time per level.
                   A        B        C        D        E       F      G
               +--------+--------+--------+--------+--------+-----+--------+
         Total |  41502 |  40489 |   1013 |  12797 |  22228 |  17 | 2441.3 |
       Dungeon |  21079 |  20535 |    544 |   4056 |  13538 |  10 | 2107.9 |
        Temple |    297 |    177 |    120 |      0 |    165 |   1 |  297.0 |
          Lair |  20125 |  19776 |    349 |   8741 |   8524 |   6 | 3354.2 |
               +--------+--------+--------+--------+--------+-----+--------+

Top non-repeatable levels by time:
  Lair:4: 4329 daAuts
  Lair:5: 4153 daAuts
  Lair:2: 4010 daAuts
  Lair:1: 3794 daAuts
     D:9: 3711 daAuts
  Lair:3: 3546 daAuts
     D:6: 2943 daAuts
     D:8: 2930 daAuts
     D:5: 2448 daAuts
     D:7: 1874 daAuts
     D:1: 1789 daAuts
     D:3: 1546 daAuts
     D:4: 1453 daAuts
    D:10: 1200 daAuts
     D:2: 1181 daAuts
